 Dungeon Crawl Stone Soup version 0.31.0-11-ge490571c62 (webtiles) character file.

Game seed: 1123372613846633291

1014 jasper the Cleaver (level 8, 0/69 HPs)
             Began as a Minotaur Berserker on Jan 29, 2024.
             Was a Priest of Trog.
             Slain by a gnoll bouda
             ... wielding a +0 whip
              (10 damage)
             ... on level 5 of the Dungeon.
             The game lasted 00:07:41 (3823 turns).

jasper the Cleaver (Minotaur Berserker)             Turns: 3823, Time: 00:07:43

Health: 0/69       AC: 11    Str: 24    XL:     8   Next: 1%
Magic:  7/7        EV:  8    Int:  4    God:    Trog [***...]
Gold:   256        SH:  3    Dex: 10    Spells: 7/7 levels left

rFire   . . .        j - +0 war axe (flame)
rCold   . . .        o - +0 buckler
rNeg    . . .        k - +0 chain mail
rPois   +            (helmet restricted)
rElec   .            (no cloak)
rCorr   .            q - +1 pair of gloves
SInv    .            (no boots)
Will    ++...        (no amulet) Stlth
                     f - ring of poison resistance
HPRegen 1.31/turn    (no ring)
MPRegen 0.10/turn

%: no passive effects
@: strong-willed, on berserk cooldown, regenerating, slowed, very slow
A: horns 2, retaliatory headbutt
a: Renounce Religion, Berserk, Trog's Hand


You were on level 5 of the Dungeon.
You worshipped Trog.
Trog was most pleased with you.
You visited 1 branch of the dungeon, and saw 5 of its levels.

You collected 256 gold pieces.

Inventory:

Hand Weapons
 a - a +0 hand axe
 j - a +0 war axe of flaming (weapon)
 m - a +0 sling
 t - a +0 morningstar
Missiles
 e - 32 stones
 s - 9 boomerangs (quivered)
 u - 4 javelins
Armour
 b - a +0 animal skin
 c - a +0 leather armour
 k - a +0 chain mail (worn)
 o - a +0 buckler (worn)
 q - a +1 pair of gloves (worn)
 A - a +1 ring mail of cold resistance
Jewellery
 f - a ring of poison resistance (left hand)
Wands
 y - a wand of mindburst (9)
 B - a wand of paralysis (14)
Scrolls
 g - 2 scrolls of teleportation
 r - a scroll of blinking
 v - a scroll of enchant armour
 x - 2 scrolls of vulnerability {unknown}
Potions
 d - a potion of curing
 h - a potion of attraction
 i - a potion of might
 l - 2 potions of lignification {unknown}
 n - a potion of haste {unknown}
 p - 2 potions of mutation {unknown}
 w - a potion of degeneration {unknown}
 z - a potion of brilliance {unknown}
 C - a potion of magic {unknown}


   Skills:
 + Level 5.4 Fighting
 * Level 10.3 Axes
 + Level 4.2 Armour
 - Level 2.1 Dodging


You had 7 spell levels left.
You didn't know any spells.
Your spell library was empty.

Dungeon Overview and Level Annotations

Branches:
Dungeon (5/15)             Temple (0/1) D:4

Altars:
Gozag

Shops:
D:4 :

Annotations:
D:4 3 runed translucent doors, browni3141's ghost, amateur MiFi


Innate Abilities, Weirdness & Mutations

You have a pair of horns on your head.
You reflexively headbutt those who attack you in melee.


Message History

The gnoll shouts!
Things that are here:
a +0 halberd; a gnoll corpse You feel a strong urge to attack something.
You feel your anger nearly subside.
You are no longer berserk.
You are exhausted.
You feel yourself slow down.
The gnoll bouda barks out a call to the hunt!
The gnoll picks up the pace!
You hit the gnoll bouda but do no damage.
The gnoll bouda closely misses you. The gnoll hits you but does no damage.
The gnoll bouda hits you but does no damage.
You hit the gnoll bouda but do no damage.
You headbutt the gnoll bouda!
The gnoll bouda is heavily wounded.
You closely miss the gnoll. The gnoll hits you but does no damage.
The gnoll bouda hits you with a +0 whip.
The gnoll hits you but does no damage.
You closely miss the gnoll bouda.
The gnoll bouda is heavily wounded.
You hit the gnoll. You burn the gnoll.
The gnoll bouda calls upon its god to heal the gnoll.
The gnoll's wounds heal themselves!
The gnoll barely misses you.
The gnoll bouda hits you with a +0 whip!
* * * LOW HITPOINT WARNING * * *
You closely miss the gnoll bouda. Your headbutt misses the gnoll bouda.
The gnoll bouda is heavily wounded.
You hit the gnoll but do no damage. The gnoll hits you but does no damage.
The gnoll bouda closely misses you. You furiously retaliate!
You headbutt the gnoll bouda, but do no damage.
The gnoll hits you with a +0 whip.
* * * LOW HITPOINT WARNING * * *
You barely miss the gnoll bouda. You headbutt the gnoll bouda!
The gnoll bouda is almost dead.
You hit the gnoll. You burn the gnoll.
The gnoll bouda hits you with a +0 whip.
* * * LOW HITPOINT WARNING * * *
You block the gnoll's attack.
The gnoll bouda hits you with a +0 whip!
You die...

..##.. .5..). ####..
##... ....
###...########## #...
..#.. ...# #.#
#.##.#.#.#####.####.....
#.##.#.#.)...)..@g.#
#.##.....†.))#...g.....#
#.####.#.##..#..##.#####
#.####.#.##.....# .#
#......#.......## #
..######.###(#.# #.# #..
...... #.# ###########
#.#


You could see a gnoll bouda and a gnoll (swift).

Vanquished Creatures
  Sigmund (D:5)
  A black bear (D:4)
  An ogre (D:5)
  Blork the orc (D:4)
  3 scorpions (D:4)
  A bombardier beetle (D:5)
  A hound (D:4)
  3 orc priests
  Ijyb (D:5)
  An iguana (D:5)
  An orc wizard (D:5)
  2 gnolls (D:5)
  6 adders
  2 ufetubi (D:4)
  5 dart slugs
  3 ribbon worms
  6 orcs
  6 endoplasms
  2 giant cockroaches
  13 goblins
  9 hobgoblins
  11 jackals
  8 quokkas
  7 ball pythons
  4 bats
  2 frilled lizards (D:1)
  8 kobolds
  5 rats
114 creatures vanquished.

Notes
Turn   | Place    | Note
-------+----------+-------------------------------------------
     0 | D:1      | jasper the Minotaur Berserker began the quest for the Orb.
     0 | D:1      | Reached XP level 1. HP: 19/19 MP: 0/0
   236 | D:1      | Reached skill level 4 in Axes
   243 | D:1      | Reached XP level 2. HP: 26/27 MP: 1/1
   579 | D:1      | Reached XP level 3. HP: 33/33 MP: 2/2
   631 | D:1      | Found a faded altar of an unknown god.
   893 | D:2      | Reached skill level 5 in Axes
   923 | D:2      | Reached ** piety under Trog
  1196 | D:2      | Reached XP level 4. HP: 40/40 MP: 3/3
  1231 | D:2      | Reached skill level 6 in Axes
  1891 | D:3      | Reached *** piety under Trog
  2269 | D:4      | Identified the +2 ring mail of Unreason {*Slow rC+ Str-3
                  | Dex+9}
  2308 | D:4      | Noticed a scorpion
  2314 | D:4      | Killed a scorpion
  2315 | D:4      | Reached skill level 7 in Axes
  2315 | D:4      | Reached XP level 5. HP: 46/46 MP: 4/4
  2523 | D:4      | Noticed Blork the orc
  2530 | D:4      | Killed Blork the orc
  2531 | D:4      | Reached skill level 8 in Axes
  2531 | D:4      | Reached XP level 6. HP: 52/52 MP: 5/5
  2590 | D:4      | Found a runed translucent gate.
  2590 | D:4      | Found an opulent altar of Gozag.
  2590 | D:4      | Found a runed translucent gate.
  2591 | D:4      | Found a runed translucent gate.
  2593 | D:4      | Noticed browni3141's ghost (amateur MiFi)
  2593 | D:4      | Noticed a sky beast
  2720 | D:4      | Reached skill level 9 in Axes
  2778 | D:4      | Found a staircase to the Ecumenical Temple.
  2971 | D:4      | Reached XP level 7. HP: 53/60 MP: 6/6
  2996 | D:4      | Found Suqivara's Tiny Tomes.
  3307 | D:5      | Entered Level 5 of the Dungeon
  3396 | D:5      | Noticed Ijyb
  3429 | D:5      | Killed Ijyb
  3777 | D:5      | Reached skill level 5 in Fighting
  3782 | D:5      | Reached skill level 10 in Axes
  3795 | D:5      | Noticed Sigmund
  3814 | D:5      | Killed Sigmund
  3815 | D:5      | Reached XP level 8. HP: 28/69 MP: 7/7
  3823 | D:5      | Slain by a gnoll bouda

Illustrated notes

Levels and vault maps discovered:
D:1:      psy_arrival_basics, layout_loops_ring,
          shapermc_ecumenical_altar_totnotflames
D:2:      layout_basic, minmay_surrounded
D:3:      kennysheep_six_static_rooms, layout_rooms, nicolae_underground_beach
D:4:      layout_loops_cross, minmay_temple_entry_butterflies, serial_rivers,
          chequers_serial_rivers_micro_e, chequers_serial_rivers_micro_d,
          chequers_serial_rivers_marsh, chequers_serial_rivers_room_b,
          chequers_serial_rivers_micro_d, chequers_serial_rivers_micro_c,
          ebering_ghost_gozag, st_stairs_11,
          nicolae_shop_i_like_small_books_too, palyth_stone_intersect,
          uniq_blork_the_orc
D:5:      layout_loops_cross, grunt_temple_overflow_champion_of_chaos,
          uniq_eustachio, uniq_sigmund, uniq_menkaure, uniq_ijyb

Skill      XL: |  1  2  3  4  5  6  7 |
---------------+----------------------+-----
Fighting       | 4 5 |  5.4
Axes           | 4 5 7 8 9 10 | 10.3
Armour         | 3 4 |  4.2
Dodging        | |  2.1

Action                     |  1- 3 |  4- 6 |  7- 9 || total
---------------------------+-------+-------+-------++-------
  Melee: Hand axe          |    99 |    79 |       ||   178
         Headbutt          |    19 |    18 |     9 ||    46
         War axe           |     2 |    21 |    58 ||    81
   Fire: Sling             |       |    29 |       ||    29
  Throw: Boomerang         |       |    10 |     1 ||    11
         Stone             |       |     1 |       ||     1
 Invoke: Berserk           |       |     5 |     2 ||     7
         Trog's Hand       |       |     1 |     2 ||     3
    Use: Scroll            |       |     9 |       ||     9
 Armour: Leather armour    |    43 |       |       ||    43
         Chain mail        |     6 |    83 |    56 ||   145
  Dodge: Dodged            |    48 |    41 |    11 ||   100
  Block: Buckler           |       |     9 |     8 ||    17
